AoeStats
← toomuchdog

Highland

504941834Analyzed
3v3 RM · 26d ago on Sep 7, 2026· 62m 7s· 6 players
Game mode
Random Map
Map size
Normal (6 player)
Population
200
Speed
Normal
Resources
Standard
Victory
Conquest
Starting age
Dark Age
Ending age
Imperial Age
RankedLock teamsTeams togetherTeam positionsShared explorationLock speedFull tech treeHidden civsTurbo modeCheats
Victory
Defeat
🇨🇦 Berbers · Canada
1350
+13
🇨🇦 Spanish · Canada
1299
+15
1230
+19
🇻🇳 Britons · Vietnam
1358
-18
🇺🇸 Poles · United States
1295
-16
🇹🇷 Magyars · Türkiye
1209
-13
toomuchdog
7:31 Loom
9:59 Feudal Age
10:37 Double-Bit Axe
12:24 Horse Collar
18:29 Scale Barding Armor
20:49 Castle Age
19:47 Forging
19:51 Bloodlines
20:39 Gold Mining
20:53 Town Watch
23:10 Bow Saw
23:02 Heavy Plow
26:51 Iron Casting
27:41 Chain Barding Armor
28:28 Wheelbarrow
28:33 Husbandry
29:13 Gold Shaft Mining
38:36 Imperial Age
38:50 Hand Cart
40:11 Plate Barding Armor
39:26 Cavalier
41:43 Capped Ram
46:37 Blast Furnace
46:16 Caravan
46:27 Guilds
47:53 Light Cavalry
48:42 Fletching
48:51 Stone Mining
50:53 Chemistry
50:13 Ballistics
50:04 Masonry
50:21 Siege Engineers
52:41 Murder Holes
53:20 Conscription
54:57 Hussar
55:53 Kasbah
55:18 Heavy Camel Rider
56:46 Crop Rotation
57:27 Town Patrol
57:39 Masonry
58:49 Bodkin Arrow
twitch.tv/aceinspace93
10:42 Feudal Age
11:53 Loom
15:06 Castle Age
14:44 Double-Bit Axe
22:18 Stone Mining
23:25 Horse Collar
23:37 Gold Mining
24:33 Heavy Plow
26:12 Wheelbarrow
27:06 Fletching
27:27 Padded Archer Armor
28:16 Bodkin Arrow
29:01 Hand Cart
30:17 Leather Archer Armor
31:10 Town Watch
32:00 Ballistics
32:20 Stone Shaft Mining
36:15 Imperial Age
36:18 Elite Conquistador
37:06 Bracer
38:13 Chemistry
38:02 Ring Archer Armor
38:15 Conscription
41:57 Bow Saw
46:34 Caravan
50:34 Bloodlines
50:26 Husbandry
49:48 Light Cavalry
50:25 Hussar
51:13 Scale Barding Armor
51:18 Forging
54:16 Chain Barding Armor
54:32 Iron Casting
56:02 Two-Man Saw
56:19 Plate Barding Armor
58:33 Blast Furnace
Slicked Back Not Pushed
7:49 Loom
10:27 Feudal Age
11:40 Double-Bit Axe
11:37 Horse Collar
19:17 Castle Age
17:54 Fletching
18:36 Padded Archer Armor
21:06 Bodkin Arrow
21:13 Crossbowman
25:21 Chemistry
28:07 Leather Archer Armor
29:04 Bow Saw
28:55 Heavy Plow
34:42 Wheelbarrow
38:29 Town Watch
41:56 Wagenburg Tactics
43:52 Ballistics
46:19 Imperial Age
47:46 Ring Archer Armor
48:26 Two-Man Saw
47:56 Bracer
48:57 Elite Genitour
51:17 Husbandry
52:32 Caravan
59:05 Light Cavalry
60:00 Scale Barding Armor
60:32 Forging
61:40 Chain Barding Armor
jasonmitre21
5:14 Loom
14:33 Feudal Age
15:40 Double-Bit Axe
16:09 Town Watch
17:13 Horse Collar
23:21 Castle Age
21:12 Fishing Lines
22:25 Fletching
25:14 Heavy Plow
25:27 Bow Saw
25:49 Medium Warships
27:25 Squires
27:28 Scale Mail Armor
28:28 Pikeman
29:56 Gillnets
31:29 Wheelbarrow
30:54 Town Patrol
30:58 Gold Mining
33:01 Stone Mining
37:03 Imperial Age
35:18 Hand Cart
34:49 Demolition Ship
37:05 Szlachta Privileges
38:10 Conscription
38:14 Bloodlines
38:04 Husbandry
38:17 Scale Barding Armor
39:11 Cavalier
40:21 Forging
40:43 Bodkin Arrow
43:47 Chain Barding Armor
43:54 Light Cavalry
48:20 Heavy Warships
48:33 Iron Casting
48:30 Caravan
49:04 Crop Rotation
55:14 Fortified Wall
58:02 Chemistry
57:22 Ballistics
58:28 Masonry
58:41 Winged Hussar
veysipak
11:05 Feudal Age
16:12 Castle Age
15:15 Loom
27:40 Scale Barding Armor
31:36 Double-Bit Axe
35:56 Chain Barding Armor
45:53 Wheelbarrow
48:56 Gold Mining
49:25 Fletching
49:37 Padded Archer Armor
49:37 Elite Skirmisher
51:45 Bodkin Arrow
57:54 Bodkin Arrow
HAIPHONG u50
7:53 Loom
10:50 Feudal Age
15:41 Castle Age
15:09 Double-Bit Axe
15:55 Fletching
17:30 Bow Saw
19:22 Crossbowman
21:43 Horse Collar
23:57 Town Watch
26:28 Wheelbarrow
30:17 Hand Cart
30:45 Gold Mining
32:19 Bodkin Arrow
36:29 Imperial Age
34:29 Ballistics
34:19 Padded Archer Armor
37:13 Bracer
38:30 Chemistry
38:27 Arbalester
39:19 Stone Mining
39:59 Leather Archer Armor
39:43 Elite Skirmisher
41:48 Ring Archer Armor
42:37 Guard Tower
42:33 Arrowslits
43:38 Town Patrol
43:44 Heavy Plow
44:46 Two-Man Saw
44:24 Keep
44:13 Yeomen
44:14 Conscription
45:26 Masonry
46:30 Warwolf
47:03 Medium Warships
47:54 Demolition Ship
54:03 Scale Mail Armor
54:14 Forging
54:34 Medium Warships
Connection lost

Rejoining the realm…

Still unreachable

The connection could not be restored.

Session expired

The server has moved on; the page needs a fresh start.